Map: Tokamak LE

Players

LaPanthère

  • Race: Zerg Zerg
  • League: Diamond
  • Spawn Location: 7:00

KeyJack - Winner!

  • Race: Terran Terran
  • League: Diamond
  • Spawn Location: 1:00

VOD

Have the link to the VOD?

Description

Time

  • Played on: April 30, 2025, 6:37 p.m.
  • Length: 14:04
Show
View Real Time Build Order
Export as new Build Order

LaPanthère Zerg 

Build Orders: Hatch First 

Get SALT Encoding   

  12  0:01  Drone  
  13  0:12  Overlord  
  13  0:19  Drone  
  14  0:31  Drone x2  
  14  0:35  Drone  
  17  0:52  Hatchery  
  17  0:53  Drone  
  17  1:08  Spawning Pool  
  16  1:14  Drone x2  
  18  1:18  Extractor  
  18  1:19  Drone  
  18  1:29  Drone  
  19  1:42  Overlord  
  19  1:58  Queen  
  20  2:04  Drone x3  
  20  2:05  Queen  
  25  2:11  Zergling x2  
  26  2:15  Drone  
  27  2:23  Drone  
  27  2:25  Metabolic Boost  
  27  2:29  Zergling x2  
  28  2:48  Queen  
  30  2:56  Drone x2  
  30  2:57  Overlord  
  33  2:58  Drone x3  
  35  3:14  Hatchery  
  34  3:38  Drone x3  
  34  3:39  Drone x2  
  38  3:50  Drone x3  
  41  3:56  Drone  
  41  3:58  Evolution Chamber  
  41  4:01  Drone  
  41  4:02  Overlord, Evolution Chamber, Queen  
  42  4:10  Drone  
  42  4:11  Drone  
  42  4:14  Overlord  
  42  4:16  Baneling Nest  
  43  4:18  Lair  
  43  4:24  Drone  
  43  4:25  Zergling x4  
  43  4:30  Drone x4  
  50  4:34  Extractor, Drone  
  50  4:41  Drone x3  
  50  4:44  Spine Crawler  
  52  4:48  Zergling x6  
  55  4:54  Queen  
  55  4:55  Spine Crawler  
  56  5:05  Drone  
  56  5:06  Drone x4  
  61  5:08  Baneling  
  61  5:09  Baneling x2  
  61  5:10  Zerg Melee Weapons Level 1  
  61  5:17  Drone x4  
  65  5:22  Spine Crawler  
  65  5:26  Spine Crawler  
  63  5:32  Zergling x2  
  63  5:33  Zergling x6, Extractor  
  66  5:38  Overlord  
  66  5:44  Centrifugal Hooks  
  66  5:48  Spire  
  65  5:54  Baneling x2  
  65  6:00  Drone x3  
  65  6:01  Drone x5  
  72  6:10  Baneling x4  
  69  6:11  Zergling x2  
  69  6:12  Zergling x6  
  69  6:13  Zergling x2  
  69  6:16  Zergling x2  
  69  6:17  Zergling x12  
  72  6:26  Queen  
  72  6:29  Overlord x4  
  70  6:41  Drone  
  71  6:49  Extractor  
  71  6:50  Drone  
  71  6:51  Drone x6  
  71  6:54  Drone x3  
  79  6:58  Extractor, Drone x4  
  79  6:59  Extractor  
  82  7:04  Zergling x2  
  83  7:12  Hatchery  
  83  7:14  Overlord  
  83  7:15  Mutalisk  
  84  7:16  Drone  
  84  7:17  Drone  
  80  7:38  Zergling x2  
  80  7:39  Zergling x6  
  80  7:42  Zergling x2  
  80  7:44  Overlord x3  
  82  7:50  Overlord  
  79  7:52  Overlord x3  
  74  8:07  Zergling x2  
  74  8:08  Zergling x12  
  79  8:13  Mutalisk  
  79  8:19  Hatchery  
  80  8:24  Mutalisk  
  80  8:25  Mutalisk x3  
  88  8:33  Zergling x2  
  88  8:50  Zergling x12  
  88  8:54  Baneling x2  
  88  8:55  Zergling x2  
  83  9:04  Zergling x2  
  80  9:13  Zergling x2  
  80  9:14  Zergling x2  
  79  9:19  Mutalisk  
  79  9:20  Mutalisk x3  
  72  9:30  Zergling x4  
  63  9:32  Baneling  
  63  9:33  Baneling x2  
  63  9:37  Mutalisk  
  63  9:48  Corruptor x2  
  63  9:51  Overlord x3  
  55  10:08  Zergling x4  
  55  10:13  Queen x2  
  61  10:14  Zergling x2  
  61  10:15  Zergling x10  
  61  10:18  Zergling x2  
  42  10:36  Drone x2  
  42  10:38  Drone x4  
  47  10:44  Zergling x2  
  47  10:45  Zergling x4  
  47  10:48  Queen x2  
  51  11:01  Drone  
  51  11:02  Drone x2  
  52  11:08  Zergling x2  
  51  11:12  Corruptor x4  
  51  11:17  Zergling x4  
  57  11:31  Zergling x2  
  57  11:32  Zergling x4  
  59  11:37  Baneling  
  59  11:38  Zergling x2, Baneling x4  
  59  11:39  Zergling x12  
  66  11:41  Zerg Flyer Weapons Level 1  
  60  11:58  Zergling x4  
  60  11:59  Zergling x4  
  62  12:12  Zergling x8, Hatchery  
  62  12:13  Zergling x4, Queen  
  68  12:17  Mutalisk  
  68  12:18  Mutalisk  
  68  12:20  Baneling x3  
  68  12:21  Baneling x2  
  72  12:37  Mutalisk  
  75  12:49  Queen  
  63  12:56  Zergling x14  
  64  13:07  Zergling x2  
  64  13:08  Zergling x10  
  64  13:12  Zergling x2  
  69  13:13  Zergling x2  
  52  13:29  Hatchery  
  52  13:33  Zergling x10  
  52  13:34  Zergling x8  
  52  13:35  Baneling x3  
  52  13:36  Baneling  
  52  13:37  Zergling x2  
Show
View Real Time Build Order
Export as new Build Order

KeyJack Terran - Winner!

Build Orders: Reaper Expand 

Get SALT Encoding   

  12  0:00  SCV  
  13  0:15  SCV  
  13  0:17  Supply Depot  
  14  0:27  SCV  
  15  0:39  SCV  
  15  0:40  Barracks  
  16  0:44  Refinery  
  16  0:51  SCV  
  17  1:03  SCV  
  18  1:07  Supply Depot  
  18  1:15  SCV  
  19  1:30  Reaper  
  20  1:36  Orbital Command  
  20  2:04  Command Center  
  20  2:11  SCV  
  20  2:12  Barracks Reactor  
  21  2:17  Refinery  
  21  2:23  SCV  
  21  2:24  Barracks  
  22  2:31  Factory  
  22  2:35  SCV  
  23  2:47  SCV  
  23  2:48  Marine  
  23  2:49  Marine  
  25  2:59  SCV  
  25  3:03  Supply Depot  
  26  3:10  Marine x2  
  26  3:11  SCV  
  29  3:15  Barracks Tech Lab  
  29  3:18  SCV  
  30  3:27  Marine  
  30  3:29  SCV, Marine  
  33  3:39  SCV, Marine  
  35  3:45  Marine  
  35  3:47  Marine  
  36  3:50  Factory Reactor  
  36  3:53  Starport  
  36  3:55  Stimpack  
  36  3:57  Marine  
  36  4:02  Orbital Command  
  37  4:03  Marine  
  38  4:10  Marine  
  38  4:15  Marine  
  38  4:16  SCV  
  41  4:21  Marine  
  41  4:22  Supply Depot  
  42  4:28  SCV, Marine  
  44  4:35  Marine  
  44  4:36  Medivac x2  
  44  4:38  SCV  
  50  4:39  Marine  
  50  4:40  SCV  
  52  4:46  Barracks  
  52  4:50  SCV, Marine  
  52  4:52  SCV  
  55  4:54  Marine  
  56  5:02  SCV, Supply Depot  
  56  5:04  SCV  
  56  5:05  Factory Tech Lab  
  58  5:08  Medivac  
  60  5:14  SCV  
  60  5:19  Marine  
  62  5:24  SCV, Marine x2  
  62  5:26  SCV, Supply Depot  
  62  5:27  Supply Depot  
  66  5:34  Combat Shield  
  66  5:35  Barracks  
  66  5:36  SCV  
  66  5:37  Marine, Barracks Reactor  
  66  5:38  SCV  
  66  5:41  Marine  
  71  5:50  SCV x2  
  71  5:52  Marine  
  71  5:53  Siege Tank  
  71  5:55  Marine  
  77  6:00  Marauder  
  77  6:02  SCV x2  
  80  6:09  Marine  
  80  6:12  Marine  
  80  6:13  Barracks  
  80  6:14  SCV x2  
  80  6:15  Barracks  
  78  6:21  Marine  
  74  6:26  SCV  
  74  6:27  SCV, Marine  
  74  6:29  Marine x2  
  74  6:31  Barracks Reactor  
  74  6:32  Medivac  
  81  6:38  SCV  
  81  6:39  SCV  
  81  6:41  Marine x2  
  81  6:46  Refinery  
  81  6:47  Refinery  
  83  6:50  SCV  
  83  6:51  SCV  
  85  7:00  Command Center  
  85  7:01  Supply Depot  
  85  7:02  SCV, Supply Depot  
  85  7:06  SCV  
  87  7:14  SCV  
  88  7:18  SCV  
  89  7:26  SCV  
  90  7:30  Marine  
  90  7:31  Marine x6  
  90  7:32  SCV  
  93  7:44  SCV x2  
  93  7:48  Marine  
  93  7:49  Marine x6  
  96  7:56  SCV x2, Engineering Bay  
  97  7:58  Engineering Bay  
  91  8:06  Marine x5  
  91  8:07  Marine  
  91  8:08  SCV x2  
  94  8:15  Orbital Command, Refinery x2  
  94  8:20  SCV  
  94  8:21  Barracks  
  94  8:22  Barracks Tech Lab  
  94  8:23  Barracks  
  95  8:28  Barracks Reactor, Barracks  
  89  8:43  Marine  
  89  8:44  Marine x8  
  91  8:57  SCV x2  
  91  9:01  Marine  
  91  9:02  Marine x8  
  76  9:18  Marine  
  76  9:19  Marine x6  
  76  9:20  Marine  
  83  9:34  SCV x3  
  86  9:46  SCV x3  
  86  9:51  Terran Infantry Weapons Level 1  
  86  9:52  Terran Infantry Armor Level 1  
  89  9:56  Medivac  
  89  9:57  Medivac  
  89  9:58  SCV x2  
  83  10:09  SCV  
  83  10:10  SCV x2, Marine x2  
  83  10:11  Marine x6  
  83  10:12  Marauder x2  
  90  10:21  SCV  
  90  10:22  SCV  
  90  10:25  SCV  
  90  10:28  Marine x7  
  89  10:33  Concussive Shells, SCV  
  89  10:35  SCV  
  93  10:37  SCV  
  93  10:42  Supply Depot  
  93  10:43  Barracks Reactor  
  93  10:50  Missile Turret  
  93  10:52  SCV x3  
  93  10:53  Command Center  
  89  11:11  Marine x7  
  89  11:12  Marine x2  
  97  11:23  Marine  
  97  11:24  Marine  
  98  11:29  Marine x9  
  106  11:34  SCV  
  107  11:41  Marine  
  107  11:42  Marine  
  107  11:43  Medivac x2  
  107  11:46  Marine  
  113  11:47  Marine x6  
  113  11:48  Marauder x2  
  107  11:58  SCV  
  107  11:59  Marine  
  107  12:00  Marine  
  100  12:01  Supply Depot  
  100  12:02  Supply Depot  
  100  12:04  Marine  
  100  12:05  Marine x6  
  107  12:09  Marine x2  
  107  12:10  Supply Depot  
  107  12:12  Supply Depot  
  107  12:13  Medivac x2  
  107  12:15  Orbital Command  
  113  12:17  Marine x2  
  113  12:22  Marine  
  116  12:23  Marine x6  
  116  12:26  Armory  
  116  12:29  Barracks  
  122  12:30  Barracks  
  122  12:36  Barracks  
  122  12:39  Marine  
  122  12:40  Marine x7  
  122  12:41  Marine x2  
  122  12:43  Medivac x2  
  122  12:53  Siege Tank, Marine  
  122  12:57  SCV, Marine  
  124  13:03  SCV  
  124  13:04  SCV x2  
  127  13:11  Missile Turret  
  126  13:13  Missile Turret, Medivac x2  
  130  13:25  Siege Tank  
  121  13:27  Marine x4  
  121  13:28  Marine x9  
  131  13:36  Supply Depot  
  131  13:39  SCV x4  
  135  13:45  Marine x4  
  139  13:51  SCV x2  
Tags
 
Add a new tag
Caveats
  • Supply blocks, unpowered buildings, or Contaminate may cause inaccurate times.
  • Supply counts are checked every 10 seconds.